Map: [ESL] Royal Blood

Players

DRG

  • Race: Zerg Zerg
  • Spawn Location: 7:00

Elazer - Winner!

  • Race: Zerg Zerg
  • Spawn Location: 1:00

Event: ESL SC2 Masters 2023 Summer (Finals)

VOD

Have the link to the VOD?

Description

Time

  • Played on: June 17, 2023, 6:28 a.m.
  • Length: 7:09

All games in this series

Show
View Real Time Build Order
Export as new Build Order

DRG Zerg 

Build Orders: Hatch First 

Get SALT Encoding   

  12  0:00  Drone  
  13  0:11  Overlord  
  13  0:16  Drone  
  14  0:30  Drone x2  
  16  0:47  Hatchery  
  15  0:50  Drone  
  15  0:53  Drone  
  15  0:56  Drone  
  18  1:08  Extractor  
  17  1:12  Spawning Pool  
  17  1:15  Drone  
  18  1:18  Drone  
  18  1:27  Drone  
  19  1:38  Drone  
  20  1:48  Drone  
  21  1:58  Queen x2  
  21  1:59  Overlord  
  21  2:00  Drone  
  26  2:08  Metabolic Boost  
  26  2:09  Drone  
  26  2:10  Drone  
  28  2:20  Zergling x2  
  28  2:21  Zergling x2  
  30  2:31  Drone x2  
  30  2:36  Hatchery  
  31  2:42  Overlord  
  31  2:43  Drone  
  32  2:48  Baneling Nest  
  31  2:53  Drone x2  
  33  3:08  Zergling x12  
  33  3:12  Zergling x4  
  41  3:18  Queen  
  43  3:23  Overlord  
  43  3:32  Baneling x2  
  43  3:34  Drone  
  43  3:35  Overlord  
  43  3:44  Drone x3  
  43  3:47  Baneling  
  44  3:49  Drone x5  
  49  3:56  Drone  
  49  3:59  Drone x3  
  52  4:04  Zergling x2  
  52  4:09  Zergling x4  
  52  4:10  Zergling x6  
  52  4:16  Roach Warren  
  52  4:17  Baneling  
  54  4:18  Extractor  
  54  4:19  Zergling x4  
  54  4:22  Zergling x2  
  56  4:26  Baneling x2  
  56  4:28  Drone  
  57  4:38  Overlord, Zergling x2  
  55  4:39  Zergling x2  
  55  4:43  Overlord  
  56  4:54  Zergling x12  
  56  4:57  Overlord  
  59  5:05  Queen  
  59  5:08  Roach x2  
  59  5:09  Roach  
  59  5:11  Roach x3  
  59  5:12  Roach x2  
  74  5:15  Roach x2  
  74  5:17  Roach  
  74  5:20  Roach  
  82  5:23  Roach  
  82  5:27  Roach x2  
  88  5:30  Overlord  
  88  5:37  Drone x4  
  89  5:48  Queen  
  91  5:55  Roach x3  
  91  5:57  Overlord  
  97  5:58  Overlord  
  97  5:59  Overlord  
  97  6:02  Overlord  
  97  6:06  Overlord  
  97  6:08  Overlord  
  97  6:11  Overlord  
  97  6:15  Overlord  
  97  6:16  Roach  
  97  6:19  Roach  
  97  6:22  Zergling x4  
  97  6:23  Zergling x2  
  97  6:25  Zergling x2  
  102  6:30  Baneling x8  
  102  6:33  Zergling x2  
  102  6:36  Baneling x4  
  102  6:39  Zergling x6  
  106  6:44  Baneling  
  106  6:45  Baneling  
Show
View Real Time Build Order
Export as new Build Order

Elazer Zerg - Winner!

Build Orders: Hatch First 

Get SALT Encoding   

  12  0:00  Drone  
  13  0:11  Overlord  
  13  0:16  Drone  
  14  0:30  Drone x2  
  16  0:47  Hatchery  
  15  0:50  Drone  
  15  0:54  Drone  
  17  0:57  Drone  
  18  1:08  Extractor  
  17  1:13  Spawning Pool  
  17  1:15  Drone  
  17  1:19  Drone  
  18  1:27  Drone  
  19  1:38  Drone  
  20  1:48  Drone  
  21  1:59  Queen x2  
  21  2:01  Zergling x2  
  26  2:02  Overlord  
  26  2:08  Metabolic Boost  
  26  2:10  Drone x2  
  28  2:22  Drone x2  
  30  2:31  Hatchery  
  30  2:35  Drone  
  30  2:36  Drone  
  31  2:43  Baneling Nest  
  30  2:48  Overlord  
  30  2:49  Drone  
  31  2:54  Drone x2  
  33  3:05  Drone x2  
  35  3:06  Drone  
  35  3:07  Overlord  
  35  3:11  Zergling x4  
  38  3:15  Zergling x6  
  41  3:23  Overlord  
  41  3:31  Baneling x2  
  41  3:36  Zergling x4  
  43  3:43  Zergling x2  
  43  3:44  Zergling x4  
  43  3:47  Zergling x12  
  48  3:52  Queen  
  49  3:57  Zergling x6  
  49  4:05  Overlord  
  49  4:09  Drone x2  
  51  4:12  Drone x3  
  51  4:13  Drone  
  51  4:14  Drone x2  
  57  4:21  Queen  
  59  4:25  Roach Warren  
  58  4:32  Drone x4  
  58  4:34  Baneling x2  
  58  4:38  Overlord  
  61  4:39  Drone x2  
  63  4:50  Overlord  
  63  4:57  Baneling x2  
  61  5:03  Drone  
  61  5:04  Drone x5  
  66  5:10  Roach x5  
  66  5:12  Extractor  
  66  5:13  Extractor  
  72  5:16  Roach x2  
  72  5:18  Baneling  
  72  5:19  Baneling  
  76  5:27  Overlord  
  76  5:35  Drone x6  
  76  5:42  Roach x4  
  88  5:43  Overlord  
  88  5:48  Overlord  
  88  5:49  Overlord  
  88  5:51  Extractor, Drone  
  88  5:56  Roach x4  
  95  6:09  Roach x5  
  105  6:12  Overlord  
  105  6:17  Overlord  
  105  6:18  Roach x3  
  111  6:21  Roach x2  
  115  6:28  Roach x2  
  115  6:31  Overlord  
  119  6:34  Roach x3  
  119  6:39  Roach  
  129  6:40  Roach  
  129  6:45  Roach x3  
  127  7:04  Extractor  
Tags
 
Add a new tag
Caveats
  • Supply blocks, unpowered buildings, or Contaminate may cause inaccurate times.
  • Supply counts are checked every 10 seconds.